 Dungeon Crawl Stone Soup version 0.26.0-10-g1f06aea511 (webtiles) character file.

Game seed: 13228235875895654096

105 funkygono the Firebug (level 4, -2/30 HPs)
             Began as a Demonspawn Fire Elementalist on Jan 24, 2021.
             Slain by an orc
             ... wielding a +0 trident
              (6 damage)
             ... on level 3 of the Dungeon.
             The game lasted 00:05:42 (2400 turns).

funkygono the Firebug (DsFE)                        Turns: 2400, Time: 00:05:43

Health: -2/30      AC:  6    Str:  8    XL:     4   Next: 54%
Magic:  1/8        EV: 12    Int: 18    God:
Gold:   114        SH:  0    Dex: 13    Spells: 5/9 levels left

rFire    + . .     SeeInvis .   d - +4 dagger (venom)
rCold    . . .     Faith    .   (no shield)
rNeg     . . .     Spirit   .   a - +2 robe
rPois    .         Reflect  .   (no helmet)
rElec    .         Harm     .   (no cloak)
rCorr    .         Rampage  .   (no gloves)
Will     .....                  (no boots)
Stlth    ++........             (no amulet)
HPRegen  0.10/turn              g - ring of protection from fire
MPRegen  0.11/turn              (no ring)

@: slowed, very slow
A: hooves 1, molten scales 1
a: no special abilities


You were on level 3 of the Dungeon.
You visited 1 branch of the dungeon, and saw 3 of its levels.

You collected 114 gold pieces.

Inventory:

Hand Weapons
 d - a +4 dagger of venom (weapon)
Armour
 a - a +2 robe (worn)
Jewellery
 g - a ring of protection from fire (left hand)
Scrolls
 c - 2 scrolls of amnesia
 f - a scroll of remove curse
 i - a scroll of magic mapping
 j - a scroll of teleportation
 l - a scroll of fog {unknown}
Potions
 b - 2 potions of heal wounds {unknown}
 e - 3 potions of mutation {unknown}
 k - a potion of cancellation {unknown}


   Skills:
 + Level 1.8 Dodging
 + Level 2.0 Stealth
 * Level 3.1 Spellcasting
 * Level 2.0 Conjurations
 * Level 3.7 Fire Magic


You had 5 spell levels left.
You knew the following spells:

 Your Spells              Type           Power        Failure   Level
a - Foxfire               Conj/Fire      52%          4%          1
b - Inner Flame           Hex/Fire       9%           22%         3

Your spell library contained the following spells:

 Spells                   Type           Power        Failure   Level
 Conjure Flame            Conj/Fire      13%          16%         3
 Sticky Flame             Conj/Fire      13%          45%         4
 Fireball                 Conj/Fire      6%           80%         5


Dungeon Overview and Level Annotations

Branches:
Dungeon (3/15)

Altars:

Annotations:
D:3 Jessica


Innate Abilities, Weirdness & Mutations

You have large cloven feet.
You are partially covered in molten scales. (AC +2)


Message History

You resist with some effort.
The foxfire hits Jessica but does no damage.
Jessica is heavily wounded.
The foxfire hits Jessica but does no damage.
Jessica is heavily wounded.
Jessica mumbles something strange.
Jessica hits you with a +4 dagger.
* * * LOW HITPOINT WARNING * * *
You feel better. Jessica hits you with a +4 dagger.
* * * LOW HITPOINT WARNING * * *
The orc hits you from afar with a +0 trident.
* * * LOW HITPOINT WARNING * * *
Jessica mumbles some strange words.
Jessica blinks!
Unknown command.
Casting: Foxfire (safe; 4% risk of failure)
Confirm with . or Enter, or press ? or * to list all spells.
You conjure some foxfire!
The orc misses you.
The orc hits you from afar with a +0 trident.
You die...

#.......# #.......# .
#.......########## .
#................##.
##...###.........##.
##....# #.........##.
#.....# #............ .
#..v.)# #............
..##..v@.###.####....#.#
.......ยง..##.#.......#..
.......o..##.#......##.#
.......@..##.#.#.#####..
..........##.###.# #...#
######.........#.# +....
#.....#.#.#.# #....
#...[...#.#.# ####.
#.........#.# #.


You could see Jessica (fast) and an orc.

Vanquished Creatures
  3 adders
  A gnoll (D:2)
  3 worms (D:2)
  5 dart slugs
  2 leopard geckos (D:1)
  A bat (D:1)
  2 giant cockroaches
  7 goblins
  6 hobgoblins
  8 jackals
  A ball python (D:1)
  2 frilled lizards
  4 kobolds
  2 rats
47 creatures vanquished.

Vanquished Creatures (others)
  163 foxfires
163 creatures vanquished.

Grand Total: 210 creatures vanquished

Notes
Turn   | Place    | Note
-------+----------+-------------------------------------------
     0 | D:1      | funkygono the Demonspawn Fire Elementalist began the quest
                  | for the Orb.
     0 | D:1      | Reached XP level 1. HP: 13/13 MP: 3/3
   179 | D:1      | Gained mutation: You have large cloven feet. [demonic
                  | ancestry]
   179 | D:1      | Reached XP level 2. HP: 10/19 MP: 0/5
   937 | D:2      | Reached XP level 3. HP: 24/24 MP: 2/6
  1286 | D:2      | Learned a level 3 spell: Inner Flame
  1776 | D:2      | Gained mutation: You are partially covered in molten
                  | scales. (AC +2) [demonic ancestry]
  1776 | D:2      | Reached XP level 4. HP: 30/30 MP: 5/8
  2388 | D:3      | Noticed Jessica
  2400 | D:3      | Slain by an orc

Illustrated notes

Levels and vault maps discovered:
D:1:      onia_arrival_mini_spirals, layout_rooms
D:2:      layout_basic, minmay_hexomino_u4
D:3:      layout_basic, nzn_hepliaklqana_mist_gate, uniq_jessica, uniq_ijyb

Skill      XL: |  1  2  3  4 |
---------------+-------------+-----
Fire Magic     | 3 |  3.7
Stealth        | 2 |  2.0
Spellcasting   | 3 |  3.1
Conjurations   | 2 |  2.0
Dodging        | |  1.8

Action                   |  1- 3 |  4- 6 || total
-------------------------+-------+-------++-------
Melee: Dagger            |    16 |       ||    16
       Kick              |     1 |       ||     1
 Cast: Foxfire           |    63 |    41 ||   104
  Use: Scroll            |     5 |     5 ||    10
       Potion            |       |     1 ||     1
Armor: Robe              |    12 |     6 ||    18
Dodge: Dodged            |    20 |    14 ||    34
